 Dungeon Crawl Stone Soup version 0.31-a0-222-gefeffbb62a (webtiles) character file.

Game seed: 12827313373110490912

672 Ijustatesigmund the Stinger (level 7, 0/67 HPs)
             Began as an Octopode Venom Mage on July 5, 2023.
             Was an Initiate of Vehumet.
             Slain by a jelly (3 damage)
             ... on level 4 of the Dungeon.
             The game lasted 00:09:11 (6244 turns).

Ijustatesigmund the Stinger (Octopode Venom Mage)   Turns: 6244, Time: 00:09:11

Health: 0/67       AC: -7    Str:  8    XL:     7   Next: 59%
Magic:  12/12      EV: 13    Int: 19    God:    Vehumet [......]
Gold:   235        SH:  0    Dex: 12    Spells: 4/13 levels left

rFire   . . .        k - +5 flail (heavy)
rCold   . . .        (no shield)
rNeg    + . .        (helmet restricted)
rPois   .            (no amulet)
rElec   .            e - ring of see invisible
rCorr   .            m - ring of positive energy
SInv    +            (no ring)
Will    .....        (no ring) Stlth
                     (no ring)
HPRegen 0.31/turn    (no ring)
MPRegen 0.13/turn    (no ring)
                     (no ring)

%: no passive effects
@: berserking, corroded, very quick
A: almost no armour, amphibious, 8 rings, camouflage 1, gelatinous body 1,
(nimble swimmer 1), tentacles
a: Renounce Religion


You were on level 4 of the Dungeon.
You worshipped Vehumet.
Vehumet was noncommittal.
You visited 2 branches of the dungeon, and saw 6 of its levels.

You collected 235 gold pieces.

Inventory:

Hand Weapons
 c - a +1 trident
 k - a +5 heavy flail (weapon)
Jewellery
 e - a ring of see invisible (left tentacle)
 m - a ring of positive energy (right tentacle)
Scrolls
 g - a scroll of brand weapon {unknown}
 h - a scroll of immolation
 i - a scroll of teleportation
 j - a scroll of acquirement {unknown}
 l - 3 scrolls of identify
Potions
 a - 2 potions of magic
 b - 2 potions of curing
 f - a potion of haste


   Skills:
 - Level 2.3 Fighting
 - Level 1.6 Polearms
 - Level 2.0 Dodging
 - Level 2.6 Stealth
 + Level 3.9 Spellcasting
 + Level 3.1 Conjurations
 - Level 1.0 Transmutations
 + Level 3.3 Air Magic
 + Level 5.8 Poison Magic


You had 4 spell levels left.
You knew the following spells:

 Your Spells              Type           Power      Damage    Failure   Level
a - Olgreb's Toxic Radia  Pois           25%        N/A       13%         4
b - Poisonous Vapours     Pois/Air       42%        N/A       3%          2
c - Mephitic Cloud        Conj/Pois/Air  19%        N/A       8%          3

Your spell library contained the following spells:

 Spells                   Type           Power      Damage    Failure   Level
 Sting                    Tmut/Pois      64%        1d6       3%          1
 Summon Guardian Golem    Hex/Summ       3%         N/A       38%         3
 Alistair's Intoxication  Tmut/Pois      10%        N/A       67%         5
 Borgnjor's Vile Clutch   Necr/Erth      1%         N/A       98%         5
 Eringya's Noxious Bog    Tmut/Pois      8%         N/A       99%         6
 Orb of Destruction       Conj           7%         9d6       100%        7
 Spellforged Servitor     Conj/Summ      4%         N/A       100%        7


Dungeon Overview and Level Annotations

Branches:
Dungeon (5/15)             Temple (1/1) D:4

Altars:
Fedhas
Hepliaklqana
Kikubaaqudgha
Ru
Sif Muna
Trog
Uskayaw
Vehumet
Wu Jian
Xom
Yredelemnul
The Shining One

Shops:
D:1 :

Annotations:
D:5 Eustachio


Innate Abilities, Weirdness & Mutations

You cannot wear most types of armour.
You are amphibious.
You can wear up to eight rings at the same time.
Your skin changes colour to match your surroundings (Stealth+).
Your rubbery body absorbs attacks. (AC +1, EV +1)
((You are camouflaged when in or above water. (Stealth+)))
You have tentacles for arms and can constrict up to eight enemies at once.


Message History

A jackal comes into view.
The jelly jiggles.
The jackal closely misses you. The jackal misses you. Eustachio misses you.
Eustachio mumbles some strange words.
Eustachio blinks!
The jackal bites you but does no damage.
The jackal barks!
The jackal attacks as you move away! The jackal closely misses you.
The jelly jiggles.
The jackal closely misses you. The jackal attacks as you move away!
The jackal closely misses you. The jackal attacks as you move away!
The jackal misses you.
There is a stone staircase leading up here.
You sock the jackal!
You kill the jackal!
Vehumet accepts your kill. The jackal closely misses you. The jelly hits you.
The acid corrodes you!
You are splashed with acid!
The jackal closely misses you. The jelly hits you. The acid corrodes you!
You are splashed with acid!
The jackal bites you. The jackal misses you.
You climb upwards.
There is a stone staircase leading down here.
You hit the jelly.
Your tentacles burn!
The jelly is lightly wounded.
The jackal closely misses you. The jelly hits you.
You are splashed with acid!
* * * LOW HITPOINT WARNING * * *
The jackal bites you.
* * * LOW HITPOINT WARNING * * *
The jelly barely misses you. The jackal closely misses you.
Okay, then.
A red film seems to cover your vision as you go berserk!
You feel yourself moving faster!
You feel mighty! The jackal barely misses you. The jelly hits you.
* * * LOW HITPOINT WARNING * * *
You are splashed with acid!
* * * LOW HITPOINT WARNING * * *
You barely miss the jelly. You squeeze the jelly!
The jelly is heavily wounded.
The jackal closely misses you. The jelly hits you.
You die...

.....# .##### .# .#
########### .# #.........#
.# #.........#
.#####.........#
....##.........###########
..............†J@h.......#
....##.........#..######.#
....##.........#..# #.#
..#.##.........#..# #.#
..#.##............# #.#
..###############.# #.#
†.#...#...#...# #.# #.#
.##.>.#.⌠.#.⌠.# #.# #.#
..#...#...#...# #.# #.#


You could see a jelly and a jackal.

Vanquished Creatures
  Edmund (D:4)
  A water moccasin (D:4)
  A scorpion (D:5)
  A howler monkey (D:5)
  3 hounds (D:4)
  A sleepcap (D:4)
  3 iguanas (D:4)
  Robin (D:3)
  3 gnolls (D:3)
  An adder (D:2)
  2 ufetubi (D:4)
  3 worms
  A dart slug (D:2)
  2 orcs (D:4)
  6 bats
  5 endoplasms
  5 giant cockroaches
  14 goblins
  6 hobgoblins
  5 jackals
  7 quokkas
  4 ball pythons
  6 frilled lizards
  5 kobolds
  4 rats
91 creatures vanquished.

Notes
Turn   | Place    | Note
-------+----------+-------------------------------------------
     0 | D:1      | Ijustatesigmund the Octopode Venom Mage began the quest for
                  | the Orb.
     0 | D:1      | Reached XP level 1. HP: 11/11 MP: 3/3
   141 | D:1      | Found Fijaeg's Book Emporium.
   141 | D:1      | Noticed a walking frostbound tome
   149 | D:1      | Noticed a walking frostbound tome
   158 | D:1      | Reached XP level 2. HP: 18/18 MP: 1/5
   166 | D:1      | Learned a level 2 spell: Poisonous Vapours
   282 | D:1      | Reached skill level 4 in Poison Magic
   310 | D:1      | Reached skill level 1 in Fighting
   563 | D:1      | Reached XP level 3. HP: 21/23 MP: 3/6
   567 | D:1      | Learned a level 3 spell: Mephitic Cloud
  1317 | D:2      | Reached skill level 1 in Air Magic
  1656 | D:2      | Reached XP level 4. HP: 22/28 MP: 7/7
  2260 | D:3      | Noticed Robin
  2264 | D:3      | Identified the +1 leather armour of the Evil One {rN+ Will-
                  | Dex+4}
  2792 | D:2      | Reached skill level 1 in Conjurations
  2903 | D:3      | Killed Robin
  3028 | D:3      | Found a blossoming altar of Fedhas.
  3551 | D:3      | Reached XP level 5. HP: 17/34 MP: 5/9
  3721 | D:3      | Learned a level 4 spell: Olgreb's Toxic Radiance
  4803 | D:4      | Reached XP level 6. HP: 40/40 MP: 7/10
  4892 | D:4      | Reached skill level 5 in Poison Magic
  5030 | D:4      | Noticed a water moccasin
  5040 | D:4      | Killed a water moccasin
  5041 | D:4      | Reached skill level 1 in Polearms
  5479 | D:4      | Noticed Edmund
  5492 | D:4      | Killed Edmund
  5493 | D:4      | Reached XP level 7. HP: 37/45 MP: 8/12
  5735 | D:4      | Found a staircase to the Ecumenical Temple.
  5813 | Temple   | Entered the Ecumenical Temple
  6015 | Temple   | Became a worshipper of Vehumet
  6187 | D:5      | Entered Level 5 of the Dungeon
  6224 | D:5      | Noticed Eustachio
  6243 | D:4      | HP: 3/67 [acid (8)]
  6244 | D:4      | Slain by a jelly

Illustrated notes

Levels and vault maps discovered:
D:1:      moated_graveyard_arrival, layout_loops_ring, serial_shops,
          nicolae_shop_mannequins
D:2:      layout_loops_ring, dreamdust_princess_corridor,
          dreamdust_mushroom_princess
D:3:      layout_basic, mainiacjoe_overflow_six_doors_small, uniq_robin
D:4:      layout_basic, minmay_temple_entry_nine_rooms, minmay_door_square,
          minmay_surrounded, uniq_edmund
D:5:      layout_cave_pools, minmay_misc_feat_four_crosses, uniq_eustachio,
          uniq_menkaure
Temple:   grunt_temple_mini_profane

Skill      XL: |  1  2  3  4  5  6  7 |
---------------+----------------------+-----
Poison Magic   | 4 5 |  5.8
Fighting       | 1 2 |  2.3
Air Magic      | 1 2 3 |  3.3
Conjurations   | 1 2 3 |  3.1
Spellcasting   | 3 |  3.9
Polearms       | 1 |  1.6
Dodging        | |  2.0
Stealth        | |  2.6
Transmutations | |  1.0

Action                     |  1- 3 |  4- 6 |  7- 9 || total
---------------------------+-------+-------+-------++-------
  Melee: Unarmed           |    10 |       |       ||    10
         Constrict         |    21 |    18 |     2 ||    41
         Dagger            |    37 |       |       ||    37
         Tentacles         |    13 |    13 |     4 ||    30
         Spear             |    26 |     4 |       ||    30
         Short sword       |     7 |       |       ||     7
         Trident           |       |    98 |       ||    98
         Punch             |       |     5 |       ||     5
         Flail             |       |       |    13 ||    13
   Cast: Sting             |     7 |       |       ||     7
         Poisonous Vapours |    26 |    27 |     2 ||    55
         Olgreb's Toxic Ra |       |     3 |       ||     3
    Use: Scroll            |       |    11 |       ||    11
         Potion            |       |     1 |     1 ||     2
   Stab: Sleeping          |     3 |     1 |     2 ||     6
 Armour: Skin              |     4 |     2 |     1 ||     7
  Dodge: Dodged            |    46 |    60 |    19 ||   125

Table legend: (Time is in decaauts)
 A = Elapsed time spent in this place.
 B = Non-inter-level travel time spent in this place.
 C = Inter-level travel time spent in this place.
 D = Time resting spent in this place.
 E = Time spent auto-exploring this place.
 F = Levels seen in this place.
 G = Mean time per level.
                   A        B        C        D        E       F      G
               +--------+--------+--------+--------+--------+-----+--------+
         Total |   6301 |   6141 |    160 |   1512 |   3899 |   6 | 1050.2 |
       Dungeon |   6073 |   5940 |    133 |   1512 |   3715 |   5 | 1214.6 |
        Temple |    228 |    202 |     26 |      0 |    184 |   1 |  228.0 |
               +--------+--------+--------+--------+--------+-----+--------+

Top non-repeatable levels by time:
     D:2: 2020 daAuts
     D:4: 1645 daAuts
     D:3: 1395 daAuts
     D:1: 952 daAuts
  Temple: 228 daAuts
     D:5: 58 daAuts
